 Dungeon Crawl Stone Soup version 0.31-a0-182-gc5ef74bbde (webtiles) character file.

Game seed: 14547276737247129775

256 qw the Chopper (level 6, -3/39 HPs)
             Began as a Gargoyle Fighter on June 20, 2023.
             Slain by a black bear (5 damage)
             ... on level 4 of the Dungeon.
             The game lasted 00:01:29 (3172 turns).

qw the Chopper (Gargoyle Fighter)                   Turns: 3172, Time: 00:01:29

Health: -3/39      AC: 15    Str: 21    XL:     6   Next: 15%
Magic:  6/6        EV:  5    Int:  9    God:
Gold:   201        SH:  4    Dex:  9    Spells: 5/5 levels left

rFire   . . .        Y - +1 war axe
rCold   . . .        c - +0 buckler
rNeg    + . .        i - +0 plate armour
rPois   inf          (no helmet)
rElec   +            (no cloak)
rCorr   .            (no gloves)
SInv    +            (no boots)
Will    .....        (no amulet) Stlth
                     b - ring of see invisible
HPRegen 0.26/turn    (no ring)
MPRegen 0.10/turn

%: no passive effects
@: no status effects
A: sickness immunity, AC +4, negative energy resistance 1, electricity
resistance, torment resistance 1, petrification resistance
a: no special abilities


You were on level 4 of the Dungeon.
You visited 1 branch of the dungeon, and saw 4 of its levels.

You collected 201 gold pieces.


Innate Abilities, Weirdness & Mutations

You are immune to sickness and miasma.
Your stone body is resilient. (AC +4)
You are immune to poison.
You resist negative energy. (rN+)
You are resistant to electric shocks. (rElec)
You are resistant to unholy torment.
You are immune to petrification.


   Skills:
 - Level 4.5 Fighting
 + Level 5.0 Axes
 - Level 3.2 Armour
 - Level 3.2 Shields


You had 5 spell levels left.
You didn't know any spells.
Your spell library was empty.

Inventory:

Hand Weapons
 k - a +0 whip
 Y - a +1 war axe (weapon)
Missiles
 q - 3 boomerangs (quivered)
Armour
 c - a +0 buckler (worn)
 i - a +0 plate armour (worn)
 n - a +0 pair of boots
Jewellery
 b - a ring of see invisible (left hand)
 h - a ring of protection from cold
Scrolls
 f - 2 scrolls of torment {unknown}
 m - a scroll of identify
Potions
 a - a potion of brilliance {unknown}
 d - a potion of might
 e - a potion of haste
 g - a potion of mutation {unknown}
 j - a potion of heal wounds {unknown}
 l - a potion of lignification {unknown}

Dungeon Overview and Level Annotations

Branches:
Dungeon (4/15)
 Temple: D:4-7

Altars:
Gozag
Makhleb
Sif Muna


Message History

You closely miss the black bear.
The black bear is severely wounded.
The black bear bites you but does no damage.
The black bear claws you but does no damage. x2
You hit the black bear.
The black bear is severely wounded.
The black bear completely misses you.
The black bear claws you but does no damage. x2
You barely miss the black bear.
The black bear is severely wounded.
The black bear bites you.
The black bear claws you but does no damage.
The black bear claws you. The black bear completely misses you.
The black bear claws you but does no damage. x2
The kobold shouts!
You slash the black bear!
The black bear is almost dead.
The black bear goes berserk!
You hit the black bear but do no damage.
The black bear is almost dead.
The black bear bites you but does no damage.
The black bear claws you.
The black bear claws you but does no damage.
The black bear bites you but does no damage.
The black bear claws you but does no damage.
The black bear claws you.
You closely miss the black bear.
The black bear is almost dead.
The black bear bites you. The black bear claws you.
The black bear closely misses you. The black bear bites you!
The black bear claws you.
The black bear claws you but does no damage.
You completely miss the black bear.
The black bear is almost dead.
The black bear bites you but does no damage.
The black bear claws you but does no damage. x2
You barely miss the black bear.
The black bear is almost dead.
You block the black bear's attack. The black bear claws you.
You die...

.... #..##
....###...####
............#####
........###.....#####
..###...#
####......### ##K.#
#####..... #..#
#####. #h.# ## #@.#
#..# #.># #!.# ##.. #
... # ... #. .!#. #..
...#


You could see a black bear (berserk) and a kobold.

Vanquished Creatures
  A scorpion (D:4)
  3 jellies (D:2)
  4 adders
  3 dart slugs
  5 ball pythons
  9 endoplasms
  2 giant cockroaches
  10 hobgoblins
  3 quokkas
  9 bats
  2 frilled lizards
  A goblin (D:3)
  9 kobolds
  4 rats
65 creatures vanquished.

Notes
Turn   | Place    | Note
-------+----------+-------------------------------------------
     0 | D:1      | qw the Gargoyle Fighter began the quest for the Orb.
     0 | D:1      | Reached XP level 1. HP: 14/14 MP: 1/1
     0 | D:1      | 0 ||| qw: Version: 0.3-a-9-g12657ce
     0 | D:1      | 0 ||| qw: Game counter: 1299
     0 | D:1      | 0 ||| qw: Always use a shield: true
     0 | D:1      | 0 ||| qw: God list: Okawaru
     0 | D:1      | 0 ||| qw: Allow faded altars: false
     0 | D:1      | 0 ||| qw: Do Orc after D:15 true
     0 | D:1      | 0 ||| qw: Do second Lair branch before Depths: true
     0 | D:1      | 0 ||| qw: Lair rune preference: random
     0 | D:1      | 0 ||| qw: Plans: Normal, Zot:1-4, Slime:5, God:TSO, Crypt,
                  | Tomb, Abyss, Pan, Hells, Win
     0 | D:1      | 0 ||| PLANNING D:1-11
    19 | D:1      | Reached skill level 2 in Axes
    40 | D:1      | 40 ||| Stepping ~*~*~tactically~*~*~ (stealth).
    41 | D:1      | 41 ||| Stepping ~*~*~tactically~*~*~ (stealth).
    46 | D:1      | Reached XP level 2. HP: 18/19 MP: 2/2
   602 | D:1      | 602 ||| UPGRADING to +0 plate armour.
   612 | D:1      | 612 ||| DROPPING +0 scale mail.
   613 | D:1      | 613 ||| READING scroll labelled XYCAN DODDEUHY.
   614 | D:1      | 614 ||| READING scroll labelled PAUCLUN PUAPH.
   652 | D:2      | Reached skill level 3 in Axes
   659 | D:2      | Reached XP level 3. HP: 23/23 MP: 3/3
   742 | D:2      | Identified the +1 long sword of Big Damage {freeze, Will+
                  | Dex+4}
  1080 | D:2      | 1080 ||| Stepping ~*~*~tactically~*~*~ (hiding).
  1106 | D:2      | Identified the +9 dagger of Conservatism {holy, rCorr
                  | Str+2}
  1140 | D:2      | Reached skill level 4 in Axes
  1140 | D:2      | Reached XP level 4. HP: 20/28 MP: 4/4
  1162 | D:2      | 1162 ||| FLEEEEING.
  1163 | D:2      | 1163 ||| FLEEEEING.
  1164 | D:2      | 1164 ||| FLEEEEING.
  1165 | D:2      | 1165 ||| FLEEEEING.
  1166 | D:2      | 1166 ||| FLEEEEING.
  1167 | D:2      | 1167 ||| FLEEEEING.
  1168 | D:2      | 1168 ||| FLEEEEING.
  1173 | D:2      | Reached XP level 5. HP: 22/32 MP: 5/5
  1195 | D:2      | 1195 ||| FLEEEEING.
  1196 | D:2      | 1196 ||| FLEEEEING.
  1197 | D:2      | 1197 ||| FLEEEEING.
  1198 | D:2      | 1198 ||| FLEEEEING.
  1199 | D:2      | 1199 ||| FLEEEEING.
  1200 | D:2      | 1200 ||| FLEEEEING.
  1205 | D:2      | 1205 ||| Stepping ~*~*~tactically~*~*~ (stealth).
  1279 | D:2      | 1279 ||| Stepping ~*~*~tactically~*~*~ (stealth).
  1280 | D:2      | 1280 ||| Stepping ~*~*~tactically~*~*~ (stealth).
  1281 | D:2      | 1281 ||| Stepping ~*~*~tactically~*~*~ (stealth).
  1363 | D:2      | 1363 ||| Stepping ~*~*~tactically~*~*~ (stealth).
  1582 | D:2      | 1582 ||| UPGRADING to ring of see invisible.
  1583 | D:2      | 1583 ||| READING scroll labelled HUWKAOM PIKE.
  1584 | D:2      | 1584 ||| READING 2 scrolls labelled USOLIRGH GUSANO.
  1585 | D:2      | 1585 ||| READING scroll labelled ORCHIG VIAFRUWN.
  1586 | D:2      | 1586 ||| READING 2 scrolls of identify.
  1586 | D:2      | 1586 ||| IDENTIFYING lumpy golden potion
  1587 | D:2      | 1587 ||| DROPPING scroll of noise.
  1638 | D:3      | Reached skill level 5 in Axes
  2140 | D:3      | Found a burning altar of Makhleb.
  2145 | D:3      | Found an opulent altar of Gozag.
  2150 | D:3      | Identified the +1 short sword of the Ass {drain, *Corrode
                  | rF+++ rC- Str+3}
  2379 | D:3      | Found a faded altar of an unknown god.
  2562 | D:3      | Found a shimmering blue altar of Sif Muna.
  2649 | D:3      | 2649 ||| READING scroll labelled HEUSUDIO YCADGH.
  2650 | D:3      | 2650 ||| READING scroll labelled YKKEAXZ XOGUSHA.
  2651 | D:3      | 2651 ||| DRINKING 2 yellow potions.
  2652 | D:3      | 2652 ||| DRINKING 2 clear potions.
  2653 | D:3      | 2653 ||| DRINKING 2 smoky dark potions.
  2654 | D:3      | 2654 ||| DRINKING potion of curing.
  2654 | D:3      | 2654 ||| (to cure confusion)
  2655 | D:3      | 2655 ||| READING 2 scrolls of identify.
  2655 | D:3      | 2655 ||| IDENTIFYING fuming silvery potion
  2656 | D:3      | 2656 ||| DROPPING potion of degeneration.
  2657 | D:3      | 2657 ||| DROPPING potion of invisibility.
  2658 | D:3      | 2658 ||| DROPPING potion of ambrosia.
  2718 | D:4      | Reached XP level 6. HP: 18/39 MP: 6/6
  3155 | D:4      | Noticed a black bear
  3158 | D:4      | 3158 ||| Stepping ~*~*~tactically~*~*~ (stealth).
  3159 | D:4      | 3159 ||| Stepping ~*~*~tactically~*~*~ (stealth).
  3170 | D:4      | HP: 7/39 [black bear (8)]
  3170 | D:4      | HP: 1/39 [black bear (6)]
  3172 | D:4      | Slain by a black bear

Levels and vault maps discovered:
D:1:      scummos_arrival_checkerplants, layout_loops_cross
D:2:      cheibrodos_fertilizer, layout_rooms, serial_forest,
          infiniplex_forest_lined_2, infiniplex_forest_clump_tiny,
          infiniplex_forest_clump_cross, infiniplex_forest_lined_room_3,
          infiniplex_forest_straight_4, infiniplex_forest_end_2,
          infiniplex_forest_pool, infiniplex_forest_lined_1,
          nicolae_concentric_dashed_squares_wild
D:3:      layout_basic, mainiacjoe_overflow_alcove_4,
          mainiacjoe_overflow_big_doors, hellmonk_ecumenical_altar_heavens_door,
          serial_aquarium, aquarium_bridge_square [aquarium_subvault_balcony,
          aquarium_subvault_bridge, aquarium_subvault_bridge,
          aquarium_subvault_bridge], aquarium_bridge_square
          [aquarium_subvault_bridge, aquarium_subvault_bridge,
          aquarium_subvault_window, aquarium_subvault_window],
          aquarium_window_1, aquarium_window_1, aquarium_view_2d,
          aquarium_view_2e, aquarium_balcony_3a
D:4:      layout_cave_pods, nicolae_dithmenos_shadow_blocks

Skill      XL: |  1  2  3  4  5 |
---------------+----------------+-----
Axes           | 2 3 4 5 |  5.0
Fighting       | 4 |  4.5
Armour         | |  3.2
Shields        | |  3.2

Action                     |  1- 3 |  4- 6 || total
---------------------------+-------+-------++-------
  Melee: War axe           |    84 |   120 ||   204
  Throw: Boomerang         |       |    10 ||    10
    Use: Scroll            |     2 |     7 ||     9
         Potion            |       |     4 ||     4
 Armour: Scale mail        |     8 |       ||     8
         Plate armour      |    30 |   108 ||   138
  Dodge: Dodged            |    27 |    25 ||    52
  Block: Buckler           |    14 |    28 ||    42

Table legend:
 A = Non-vault XP
 B = Vault XP
 C = Vault XP percentage of total XP
 D = Non-vault monster count
 E = Vault monster count
 F = Vault count percentage of total count
                 A         B        C        D         E       F
            +---------+---------+-------+---------+---------+-------
      Total |     212 |     154 |  42.1 |      47 |      18 |  27.7
            +---------+---------+-------+---------+---------+-------
        D:1 |      27 |       0 |   0.0 |      16 |       0 |   0.0
        D:2 |      36 |     154 |  81.1 |      13 |      18 |  58.1
        D:3 |      52 |       0 |   0.0 |      16 |       0 |   0.0
        D:4 |      97 |       0 |   0.0 |       2 |       0 |   0.0
            +---------+---------+-------+---------+---------+-------
